 Dungeon Crawl Stone Soup version 0.31-a0-889-g1a8549509d (webtiles) character file.

Game seed: 13956399903905719978

119 Ahpoh the Trooper (level 5, -3/32 HPs)
             Began as a Kobold Fighter on Oct 16, 2023.
             Slain by a hornet (13 damage)
             ... on level 4 of the Dungeon.
             The game lasted 00:04:14 (2567 turns).

Ahpoh the Trooper (Kobold Fighter)                  Turns: 2567, Time: 00:04:15

Health: -3/32      AC:  6    Str: 14    XL:     5   Next: 24%
Magic:  5/5        EV: 11    Int:  9    God:
Gold:   59         SH:  6    Dex: 22    Spells: 4/4 levels left

rFire   . . .        a - +0 long sword
rCold   . . .        c - +0 buckler
rNeg    . . .        b - +0 scale mail
rPois   .            (no helmet)
rElec   .            (no cloak)
rCorr   .            (no gloves)
SInv    .            (no boots)
Will    .....        (no amulet)
Stlth   ++           j - +6 ring of dexterity
HPRegen 0.25/turn    (no ring)
MPRegen 0.09/turn

%: no passive effects
@: no status effects
A: small, no large weapons, nightstalker 3
a: no special abilities


You were on level 4 of the Dungeon.
You visited 1 branch of the dungeon, and saw 4 of its levels.

You collected 59 gold pieces.

Inventory:

Hand Weapons
 a - a +0 long sword (weapon)
Armour
 b - a +0 scale mail (worn)
 c - a +0 buckler (worn)
Jewellery
 j - a +6 ring of dexterity (left hand)
Wands
 o - a wand of mindburst (12)
Scrolls
 e - 3 scrolls of identify {unknown}
 f - a scroll of torment {unknown}
 g - a scroll of poison {unknown}
 h - a scroll of fog
 i - 2 scrolls of noise {unknown}
 l - a scroll of immolation {unknown}
 m - a scroll of enchant armour {unknown}
Potions
 d - a potion of might
 k - a potion of curing {unknown}
 n - a potion of invisibility {unknown}


   Skills:
 + Level 3.6 Fighting
 + Level 2.9 Long Blades
 + Level 3.1 Armour
 + Level 0.8 Dodging
 + Level 0.8 Stealth
 + Level 2.8 Shields


You had 4 spell levels left.
You didn't know any spells.
Your spell library contained the following spells:

 Spells                   Type           Power      Damage    Failure   Level
 Slow                     Hex            0%         N/A       92%         1
 Confusing Touch          Hex            0%         N/A       100%        3
 Sigil of Binding         Hex            0%         N/A       100%        3
 Summon Guardian Golem    Hex/Summ       0%         N/A       100%        3
 Vampiric Draining        Necr           0%         2d6       100%        3
 Orb of Destruction       Conj           0%         9d5       100%        7
 Spellforged Servitor     Conj/Summ      0%         N/A       100%        7


Dungeon Overview and Level Annotations

Branches:
Dungeon (4/15)             Temple (0/1) D:4

Altars:
Hepliaklqana
Kikubaaqudgha

Shops:
D:2 *


Innate Abilities, Weirdness & Mutations

You are small and have problems with some larger weapons.
You are completely attuned to the shadows.


Message History

The adder poisons you!
You hit the adder but do no damage.
You feel sick. The adder bites you.
You barely miss the adder.
You feel sick. You block the adder's attack. The adder bites you.
You slash the adder!
The adder is severely wounded.
You feel sick.
You are no longer poisoned.
The adder closely misses you. The adder bites you but does no damage.
You hit the adder.
The adder is almost dead.
The adder barely misses you.
You closely miss the adder.
The adder is almost dead.
The adder bites you.
You are poisoned.
The adder poisons you! The adder closely misses you.
You slash the adder!
You kill the adder!
You feel sick.
You barely miss the quokka.
You feel sick. The quokka closely misses you. The quokka misses you.
You closely miss the quokka.
You feel sick. The quokka barely misses you.
You slash the quokka!
You kill the quokka!
You feel sick.
You are no longer poisoned.
You barely miss the hobgoblin. You block the hobgoblin's attack.
You slash the hobgoblin!
You kill the hobgoblin!
You see here an adder corpse.
A hornet comes into view.
The hornet stings you!
* * * LOW HITPOINT WARNING * * *
You feel yourself slow down.
You slash the hornet!
The hornet is moderately wounded.
You feel yourself speed up. The hornet stings you!
You die...

.....).......
.....##...##.
.......####
.....#.....
...........
....#.#....
.###†#....
##...##...
....@.#..
#..>y.##.
#.......
##...###.
#.###


You could see a hornet.

Vanquished Creatures
  A hound (D:3)
  4 adders
  2 dart slugs
  An orc (D:3)
  An endoplasm (D:1)
  3 giant cockroaches
  5 goblins
  11 hobgoblins
  3 jackals
  5 kobolds
  2 quokkas
  2 ball pythons (D:2)
  A bat (D:3)
  2 frilled lizards (D:1)
  A rat (D:1)
44 creatures vanquished.

Notes
Turn   | Place    | Note
-------+----------+-------------------------------------------
     0 | D:1      | Ahpoh the Kobold Fighter began the quest for the Orb.
     0 | D:1      | Reached XP level 1. HP: 14/14 MP: 1/1
   271 | D:1      | Reached XP level 2. HP: 19/19 MP: 2/2
  1414 | D:2      | Reached XP level 3. HP: 16/23 MP: 3/3
  1480 | D:2      | Found Muereew's Assorted Antiques.
  1677 | D:2      | Reached XP level 4. HP: 28/28 MP: 4/4
  2048 | D:3      | Identified the +0 whip of the Gloaming {freeze, rF+ SInv
                  | Stlth+}
  2167 | D:3      | Reached XP level 5. HP: 32/32 MP: 5/5
  2458 | D:4      | Found a hazy altar of Hepliaklqana.
  2458 | D:4      | Found an ancient bone altar of Kikubaaqudgha.
  2548 | D:4      | Found a staircase to the Ecumenical Temple.
  2565 | D:4      | Noticed a hornet
  2567 | D:4      | Slain by a hornet

Illustrated notes

Levels and vault maps discovered:
D:1:      shiori_arrival_whats_in_store_for_you, layout_loops_corners,
          minmay_hedge_maze, bh_walls_and_bars
D:2:      layout_rooms, serial_shops, shop, kennysheep_nub, st_stairs_6
D:3:      layout_basic
D:4:      corexii_shantytown, layout_gridville, mainiacjoe_overflow_24_doors,
          chequers_temple_overflow_statue_of_worship,
          minmay_temple_entry_slanted

Skill      XL: |  1  2  3  4 |
---------------+-------------+-----
Long Blades    | 2 |  2.9
Armour         | 3 |  3.1
Fighting       | |  3.6
Dodging        | |  0.8
Stealth        | |  0.8
Shields        | |  2.8

Action                     |  1- 3 |  4- 6 || total
---------------------------+-------+-------++-------
  Melee: Long sword        |    67 |    63 ||   130
    Use: Scroll            |     1 |       ||     1
   Stab: Sleeping          |     1 |     1 ||     2
 Armour: Scale mail        |    42 |    28 ||    70
  Dodge: Dodged            |    36 |    31 ||    67
  Block: Buckler           |     9 |    18 ||    27

Table legend: (Time is in decaauts)
 A = Elapsed time spent in this place.
 B = Non-inter-level travel time spent in this place.
 C = Inter-level travel time spent in this place.
 D = Time resting spent in this place.
 E = Time spent auto-exploring this place.
 F = Levels seen in this place.
 G = Mean time per level.
                   A        B        C        D        E       F      G
               +--------+--------+--------+--------+--------+-----+--------+
         Total |   2609 |   2546 |     63 |      0 |   2078 |   4 |  652.2 |
       Dungeon |   2609 |   2546 |     63 |      0 |   2078 |   4 |  652.2 |
               +--------+--------+--------+--------+--------+-----+--------+

Top non-repeatable levels by time:
     D:1: 1327 daAuts
     D:3: 583 daAuts
     D:2: 583 daAuts
     D:4: 115 daAuts
